 Dungeon Crawl Stone Soup version 0.29-a0-993-g4a18f31a58 (webtiles) character file.

Game seed: 9443344699167368527

15 vurker the Sneak (level 2, 0/14 HPs)
             Began as a Vine Stalker Enchanter on Aug 2, 2022.
             Slain by a kobold
             ... wielding a +0 whip
              (2 damage)
             ... on level 1 of the Dungeon.
             The game lasted 00:01:02 (893 turns).

vurker the Sneak (Vine Stalker Enchanter)            Turns: 893, Time: 00:01:03

Health: 0/14       AC:  2    Str: 10    XL:     2   Next: 50%
Magic:  0/6        EV: 12    Int: 15    God:
Gold:   18         SH:  0    Dex: 14    Spells: 5/5 levels left

rFire   . . .      SeeInvis .   a - +1 dagger
rCold   . . .      Faith    .   (no shield)
rNeg    . . .      Spirit   +   b - +0 robe
rPois   .          Reflect  .   (no helmet)
rElec   .          Harm     .   (no cloak)
rCorr   .          Rampage  .   (no gloves)
Will    .....                   (no boots)
Stlth   +++.......              (no amulet)
HPRegen 0.04/turn               (no ring)
MPRegen 0.10/turn               (no ring)

@: no status effects
A: fangs 2, magic shield, antimagic bite, no potion heal 2
a: no special abilities


You were on level 1 of the Dungeon.
You visited 1 branch of the dungeon, and saw 1 of its levels.

You collected 18 gold pieces.

Inventory:

Hand Weapons
 a - a +1 dagger (weapon)
Armour
 b - a +0 robe (worn)
Scrolls
 d - 2 scrolls of fear {unknown}
 e - a scroll of noise {unknown}
 g - a scroll of teleportation {unknown}
 h - a scroll of magic mapping {unknown}
Potions
 c - 2 potions of invisibility
 f - 3 potions of lignification {unknown}


   Skills:
 + Level 0.6 Fighting
 * Level 1.6 Short Blades
 - Level 1.5 Dodging
 + Level 3.9 Stealth
 - Level 2.1 Spellcasting
 - Level 3.0 Hexes


You had 5 spell levels left.
You didn't know any spells.
Your spell library contained the following spells:

 Spells                   Type           Power      Damage    Failure   Level
 Ensorcelled Hibernation  Hex/Ice        12%        N/A       19%         2
 Confusing Touch          Hex            10%        N/A       19%         3
 Tukima's Dance           Hex            10%        N/A       19%         3
 Dazzling Flash           Conj/Hex       12%        N/A       34%         3
 Gell's Gravitas          Tloc           1%         N/A       54%         3
 Lesser Beckoning         Tloc           1%         N/A       54%         3
 Teleport Other           Tloc           1%         N/A       54%         3


Dungeon Overview and Level Annotations

Branches:
Dungeon (1/15)

Altars:


Innate Abilities, Weirdness & Mutations

You have extremely sharp teeth.
When hurt, damage is shared between your health and your magic reserves.
Your bite disrupts and absorbs the magic of your enemies.
Potions cannot restore your health.


Message History

There are monsters nearby!
The ball python hisses angrily.
The kobold shouts!
The hobgoblin shouts!
You hit the hobgoblin but do no damage.
You bite the hobgoblin, but do no damage.
The hobgoblin closely misses you.
You hit the hobgoblin. The hobgoblin closely misses you.
You closely miss the hobgoblin. Your bite misses the hobgoblin.
The ball python barely misses you. The ball python closely misses you.
The hobgoblin hits you.
You barely miss the hobgoblin. The ball python bites you.
The ball python misses you. The hobgoblin barely misses you.
Found a lumpy inky potion.
The hobgoblin closely misses you. The hobgoblin attacks as you move away!
The hobgoblin hits you.
The ball python bites you but does no damage.
The ball python barely misses you.
You hit the hobgoblin. The ball python barely misses you.
The ball python grabs you. The ball python constricts you.
You barely miss the hobgoblin.
You bite the hobgoblin, but do no damage.
The hobgoblin hits you but does no damage.
The ball python bites you.
* * * LOW HITPOINT WARNING * * *
The ball python constricts you.
* * * LOW HITPOINT WARNING * * *
You closely miss the ball python. The kobold hits you with a +0 whip.
* * * LOW HITPOINT WARNING * * *
The hobgoblin hits you.
* * * LOW HITPOINT WARNING * * *
The ball python closely misses you. The ball python constricts you.
You escape the ball python's grasp.
The ball python attacks as you move away!
The ball python closely misses you. x2
The hobgoblin hits you but does no damage.
The hobgoblin barely misses you. The ball python barely misses you. x2
The ball python closely misses you. The ball python misses you.
The ball python attacks as you move away!
The ball python closely misses you. x2; The kobold attacks as you move away!
The kobold hits you but does no damage. The kobold attacks as you move away!
The kobold hits you with a +0 whip.
* * * LOW HITPOINT WARNING * * *
The ball python attacks as you move away!
The ball python completely misses you. The ball python bites you.
* * * LOW HITPOINT WARNING * * *
The ball python grabs you. The ball python constricts you.
You see here a lumpy inky potion.
You escape the ball python's grasp.
You completely miss the ball python. You bite the ball python.
You kill the ball python!
The kobold hits you with a +0 whip.
You die...

#.# #.# ####.......
##.# #.# #####..8 ...
..# ##.. #.# ### #..
##.####.### ####..
..........# #..#..
#.####g#.# #####..##.
#.#K######.......#+
#.@................
##.................
......######.........
####.## #.......##
#.# #.......# #.#
#.......# #..
....##.## ###
####.##.#


You could see a hobgoblin and a kobold.

Vanquished Creatures
  An endoplasm (D:1)
  3 goblins (D:1)
  2 hobgoblins (D:1)
  2 quokkas (D:1)
  A ball python (D:1)
  3 bats (D:1)
  A kobold (D:1)
13 creatures vanquished.

Notes
Turn   | Place    | Note
-------+----------+-------------------------------------------
     0 | D:1      | vurker the Vine Stalker Enchanter began the quest for the
                  | Orb.
     0 | D:1      | Reached XP level 1. HP: 9/9 MP: 4/4
    90 | D:1      | Reached skill level 1 in Short Blades
   267 | D:1      | Reached XP level 2. HP: 6/14 MP: 3/6
   893 | D:1      | Slain by a kobold

Illustrated notes

Levels and vault maps discovered:
D:1:      evilmike_arrival_plus, layout_loops_ring,
          ebering_ecumenical_altar_mist, nicolae_kite_square_tiling_tiny

Skill      XL: |  1 |
---------------+----+-----
Short Blades   | 1 |  1.6
Fighting       | |  0.6
Dodging        | |  1.5
Stealth        | |  3.9
Spellcasting   | |  2.1
Hexes          | |  3.0

Action                   || total
-------------------------++-------
Melee: Dagger            ||    57
       Bite              ||    19
Armor: Robe              ||    18
Dodge: Dodged            ||    62

Table legend: (Time is in decaauts)
 A = Elapsed time spent in this place.
 B = Non-inter-level travel time spent in this place.
 C = Inter-level travel time spent in this place.
 D = Time resting spent in this place.
 E = Time spent auto-exploring this place.
 F = Levels seen in this place.
 G = Mean time per level.
                   A        B        C        D        E       F      G
               +--------+--------+--------+--------+--------+-----+--------+
         Total |    889 |    889 |      0 |      0 |    745 |   1 |  889.0 |
       Dungeon |    889 |    889 |      0 |      0 |    745 |   1 |  889.0 |
               +--------+--------+--------+--------+--------+-----+--------+

Top non-repeatable levels by time:
     D:1: 889 daAuts
